 Dungeon Crawl Stone Soup version 0.29-a0-321-gf1c400731a (webtiles) character file.

Game seed: 6726008865141171507

51 jmlagarto the Digger (level 3, -1/30 HPs)
             Began as a Deep Dwarf Earth Elementalist on Apr 4, 2022.
             Was a Believer of Sif Muna.
             Killed from afar by a white imp (12 damage)
             ... with a puff of frost
             ... on level 3 of the Dungeon.
             The game lasted 00:04:05 (1851 turns).

jmlagarto the Digger (DDEE)                         Turns: 1851, Time: 00:04:06

Health: -1/30      AC:  3    Str: 11    XL:     3   Next: 58%
Magic:  3/5        EV: 12    Int: 23    God:    Sif Muna [**....]
Gold:   35         SH:  0    Dex: 13    Spells: 3/6 levels left

rFire   . . .      SeeInvis .   t - +0 mace
rCold   . . .      Faith    .   (no shield)
rNeg    . . .      Spirit   .   n - +0 leather armour
rPois   .          Reflect  .   (no helmet)
rElec   .          Harm     .   (no cloak)
rCorr   .          Rampage  .   (no gloves)
Will    .....                   (no boots)
Stlth   ++........              (no amulet)
HPRegen 0.00/turn               j - +6 ring of intelligence
MPRegen 0.09/turn               (no ring)

@: no status effects
A: damage resistance, heal wounds, sense surroundings 1, no regeneration
a: Heal Wounds, Renounce Religion, Channel Magic


You were on level 3 of the Dungeon.
You worshipped Sif Muna.
Sif Muna was pleased with you.
You visited 1 branch of the dungeon, and saw 3 of its levels.

You collected 35 gold pieces.

Inventory:

Hand Weapons
 t - a +0 mace (weapon)
Missiles
 a - 15 stones
 r - 6 poisoned darts
Armour
 b - a +0 robe
 m - a +1 plate armour
 n - a +0 leather armour (worn)
 o - a +0 buckler
Jewellery
 j - a +6 ring of intelligence (left hand)
Scrolls
 e - a scroll of blinking {unknown}
 g - a scroll of silence {unknown}
 k - a scroll of enchant armour
 l - a scroll of noise {unknown}
 p - a scroll of vulnerability {unknown}
 q - a scroll of identify {unknown}
Potions
 c - a potion of magic
 d - 2 potions of haste {unknown}
 f - a potion of berserk rage {unknown}
 h - 2 potions of curing {unknown}
 i - 2 potions of cancellation {unknown}
 s - a potion of mutation {unknown}
 u - a potion of heal wounds {unknown}


   Skills:
 + Level 0.4 Fighting
 + Level 0.6 Maces & Flails
 + Level 0.6 Armour
 + Level 2.7 Dodging
 - Level 2.8 Stealth
 + Level 2.1 Spellcasting
 + Level 1.4 Transmutations
 + Level 4.4 Earth Magic


You had 3 spell levels left.
You knew the following spells:

 Your Spells              Type           Power      Damage    Failure   Level
a - Sandblast             Erth           46%        2d11      2%          1
b - Passwall              Tmut/Erth      13%        N/A       8%          2

Your spell library contained the following spells:

 Spells                   Type           Power      Damage    Failure   Level
 Stone Arrow              Conj/Erth      24%        3d8       21%         3
 Petrify                  Tmut/Erth      16%        N/A       45%         4


Dungeon Overview and Level Annotations

Branches:
Dungeon (3/15)

Altars:
Sif Muna


Innate Abilities, Weirdness & Mutations

You are resistant to damage.
You can heal yourself by infusing magical energy.
You passively map a small area around you.
You do not regenerate.


Message History

A goblin is nearby!
A kobold comes into view. It is wielding a +0 dagger.
The kobold shouts!
The goblin shouts!
A white imp comes into view.
The white imp shouts!
The white imp gestures at you. The puff of frost hits you.
The kobold misses you.
You hit the kobold.
You kill the kobold!
Sif Muna accepts your kill. The goblin barely misses you.
You hit the goblin.
The goblin is heavily wounded.
The goblin hits you with a +0 dagger.
You hit the goblin.
You kill the goblin!
Sif Muna accepts your kill. The white imp gestures at you.
The puff of frost hits you! The white imp gestures at you.
The puff of frost hits you.
You are too injured to fight recklessly!
You are too injured to fight recklessly!
Cast which spell? (? or * to list)
Aiming: Sandblast (safe; 2% risk of failure)
Press: ? - help, Shift-Dir - straight line, f - white imp
Aim: a white imp (81% to hit)
The blast of sand hits the white imp.
The white imp is heavily wounded.
Casting: Sandblast (safe; 2% risk of failure)
Confirm with . or Enter, or press ? or * to list all spells.
Aiming: Sandblast (safe; 2% risk of failure)
Press: ? - help, Shift-Dir - straight line, f/p - white imp
Aim: a white imp (heavily wounded, 81% to hit)
The blast of sand misses the white imp.
The white imp spits at you. The white imp gestures at you.
The puff of frost hits you!
You die...

#.......#####.####
#.##......<.......,*
*
####.##.##.#####.####
#............ ,
####.##.###.#.##.#* *
#.......###.#.## # ,
#.##.##........# * #
# *#.###.##.#.## *
#.# #@5.....# #.#
#)......# *#.#
#.......# ,,,..#
#.......#
*###*#.......# ,
#.......# * #.......#
, ##.###.## , *


You could see a white imp.

Vanquished Creatures
  3 endoplasms
  2 giant cockroaches (D:1)
  4 goblins
  A hobgoblin (D:2)
  7 jackals
  3 quokkas
  7 ball pythons
  7 bats
  3 frilled lizards (D:1)
  6 kobolds
  2 rats
45 creatures vanquished.

Notes
Turn   | Place    | Note
-------+----------+-------------------------------------------
     0 | D:1      | jmlagarto the Deep Dwarf Earth Elementalist began the quest
                  | for the Orb.
     0 | D:1      | Reached XP level 1. HP: 15/15 MP: 3/3
    94 | D:1      | Reached skill level 1 in Transmutations
   172 | D:1      | Reached XP level 2. HP: 13/22 MP: 0/4
   398 | D:1      | Learned a level 2 spell: Passwall
   525 | D:1      | Found a faded altar of an unknown god.
   544 | D:1      | Prayed at the altar of an unknown god.
   544 | D:1      | Became a worshipper of Sif Muna the Loreminder
   544 | D:1      | Reached * piety under Sif Muna
  1084 | D:2      | Reached XP level 3. HP: 26/28 MP: 2/5
  1499 | D:2      | Reached ** piety under Sif Muna
  1851 | D:3      | Killed from afar by a white imp

Illustrated notes

Levels and vault maps discovered:
D:1:      dpeg_arrival_rhombi, layout_basic,
          hellmonk_ecumenical_altar_heavens_door, minmay_misc_feat_more_columns,
          minmay_shallow_snake_nest
D:2:      layout_basic
D:3:      layout_loops_cross, mainiacjoe_overflow_catwalk,
          amcnicky_altar_gilded, uniq_robin

Skill      XL: |  1  2 |
---------------+-------+-----
Transmutations | 1 |  1.4
Spellcasting   | 2 |  2.1
Fighting       | |  0.4
Maces & Flails | |  0.6
Armour         | |  0.6
Dodging        | |  2.7
Stealth        | |  2.8
Earth Magic    | |  4.4

Action                   || total
-------------------------++-------
Melee: Unarmed           ||    21
       Club              ||    36
       Mace              ||     3
 Cast: Sandblast         ||    55
 Abil: Heal Wounds       ||     1
  Use: Scroll            ||     1
 Stab: Sleeping          ||     1
Armor: Robe              ||    17
       Leather armour    ||     5
Dodge: Dodged            ||    61

Table legend: (Time is in decaauts)
 A = Elapsed time spent in this place.
 B = Non-inter-level travel time spent in this place.
 C = Inter-level travel time spent in this place.
 D = Time resting spent in this place.
 E = Time spent auto-exploring this place.
 F = Levels seen in this place.
 G = Mean time per level.
                   A        B        C        D        E       F      G
               +--------+--------+--------+--------+--------+-----+--------+
         Total |   1860 |   1633 |    227 |      0 |   1314 |   3 |  620.0 |
       Dungeon |   1860 |   1633 |    227 |      0 |   1314 |   3 |  620.0 |
               +--------+--------+--------+--------+--------+-----+--------+

Top non-repeatable levels by time:
     D:1: 1003 daAuts
     D:2: 826 daAuts
     D:3: 29 daAuts
